 Dungeon Crawl Stone Soup version 0.29.0-13-gc9e81de378 (webtiles) character file.

Game seed: 15875941201246198960

36 masschaos23 the Cudgeller (level 3, -3/33 HPs)
             Began as a Minotaur Chaos Knight on Sept 7, 2022.
             Was a Plaything of Xom.
             Slain by a gnoll
             ... wielding a +0 flail
              (12 damage)
             ... on level 2 of the Dungeon.
             The game lasted 00:04:09 (955 turns).

masschaos23 the Cudgeller (Minotaur Chaos Knight)    Turns: 955, Time: 00:04:09

Health: -3/33      AC:  5    Str: 18    XL:     3   Next: 19%
Magic:  2/2        EV: 10    Int:  9    God:    Xom [..*...]
Gold:   78         SH:  0    Dex:  9    Spells: 2/2 levels left

rFire   . . .      SeeInvis .   a - +0 mace (chaos)
rCold   . . .      Faith    .   (no shield)
rNeg    . . .      Spirit   .   d - +0 ring mail
rPois   .          Reflect  .   (helmet restricted)
rElec   .          Harm     .   (no cloak)
rCorr   .          Rampage  .   (no gloves)
Will    .....                   (no boots)
Stlth   ..........              (no amulet)
HPRegen 0.11/turn               (no ring)
MPRegen 0.08/turn               (no ring)

@: no status effects
A: horns 2, retaliatory headbutt
a: Renounce Religion


You were on level 2 of the Dungeon.
You worshipped Xom.
You were a toy of Xom.
You visited 1 branch of the dungeon, and saw 2 of its levels.

You collected 78 gold pieces.

Inventory:

Hand Weapons
 a - a +0 mace of chaos (weapon)
 i - a +1 short sword of flaming
Armour
 b - a +2 leather armour
 d - a +0 ring mail (worn)
Jewellery
 j - an amulet of magic regeneration
Scrolls
 e - a scroll of blinking {unknown}
Potions
 g - a potion of curing {unknown}
 h - a potion of attraction {unknown}
Miscellaneous
 c - a piece from Xom's chessboard (15/15) (quivered)


   Skills:
 + Level 4.1 Fighting
 + Level 4.6 Maces & Flails
 + Level 2.8 Armour
 + Level 1.2 Dodging


You had 2 spell levels left.
You didn't know any spells.
Your spell library was empty.

Dungeon Overview and Level Annotations

Branches:
Dungeon (2/15)

Altars:


Innate Abilities, Weirdness & Mutations

You have a pair of horns on your head.
You reflexively headbutt those who attack you in melee.


Message History

Found a stone staircase leading down.
A rat comes into view.
You sock the rat! You burn the rat.
You kill the rat!
You see here a rat corpse.
A gnoll comes into view. It is wielding a +0 spear.
The gnoll shouts!
Xom smiles on you.
You feel better.
You hear a shout!
A gnoll comes into view. It is wielding a +0 flail.
The gnoll hits you with a +0 spear.
A gnoll comes into view. It is wielding a +0 spear. x2
The gnoll shouts!
You hit the gnoll.
The gnoll is poisoned.
The gnoll is moderately wounded.
The gnoll hits you with a +0 spear.
You barely miss the gnoll. You headbutt the gnoll.
The gnoll is almost dead.
The gnoll hits you with a +0 spear. The gnoll hits you but does no damage.
You hit the gnoll. Lightning courses through the gnoll!
You kill the gnoll!
You have reached level 3!
Your experience leads to an increase in your attributes!
Increase (S)trength, (I)ntelligence, or (D)exterity?
Uppercase letters only, please.
You feel stronger. x2
You barely miss the gnoll.
You headbutt the gnoll, but do no damage.
The gnoll hits you with a +0 flail.
You hit the gnoll but do no damage.
Xom's attention almost turns to you for a moment.
You do an impromptu tapdance.
The gnoll hits you with a +0 flail!
* * * LOW HITPOINT WARNING * * *
The gnoll closely misses you.
It was a potion of magic.
Magic courses through your body.
Xom roars with laughter!
The gnoll hits you with a +0 flail!
You die...
Xom guffaws!

#....†.###.#
#.##.......#
###.##.#####.#
#...##.# #.#
#.####.# #.#
#.# #.#
#.##### #>#
#.# #.....#
#.# #.#
###.###.# #.#
#...# #@# ..#
#.### #g# ###
#. #g# #. .g.
#. #.# #. ..#
## #. ... .#
#. ..# .#


You could see 3 gnolls.

Vanquished Creatures
  A gnoll (D:2)
  An adder (D:2)
  A dart slug (D:1)
  2 giant cockroaches
  3 goblins (D:1)
  A hobgoblin (D:1)
  2 ball pythons
  A bat (D:2)
  2 frilled lizards
  A kobold (D:1)
  3 rats
18 creatures vanquished.

Notes
Turn   | Place    | Note
-------+----------+-------------------------------------------
     0 | D:1      | masschaos23 the Minotaur Chaos Knight began the quest for
                  | the Orb.
     0 | D:1      | Reached XP level 1. HP: 19/19 MP: 0/0
   330 | D:1      | Reached XP level 2. HP: 27/27 MP: 1/1
   743 | D:1      | You fall into a shaft and drop 1 floor!
   947 | D:2      | XOM: potion effect (curing)
   953 | D:2      | Reached XP level 3. HP: 19/33 MP: 2/2
   954 | D:2      | XOM: silly message
   955 | D:2      | Slain by a gnoll

Illustrated notes

Levels and vault maps discovered:
D:1:      lightli_arrival_statue_moat, layout_basic, minmay_misc_feat_rugged
D:2:      layout_loops_ring, uniq_robin

Skill      XL: |  1  2 |
---------------+-------+-----
Maces & Flails | 4 |  4.6
Fighting       | 4 |  4.1
Armour         | |  2.8
Dodging        | |  1.2

Action                   || total
-------------------------++-------
Melee: Mace              ||    31
       Headbutt          ||     6
       Punch             ||     1
  Use: Potion            ||     1
Armor: Ring mail         ||    15
Dodge: Dodged            ||    16
